 Dungeon Crawl Stone Soup version 0.26-a0-471-g8fb39a4 (webtiles) character file.

Game seed: 6749404482776559421

244 Crimsoncloak the Shield-Bearer (level 6, -9/53 HPs)
             Began as a Gnoll Fighter on July 30, 2020.
             Killed by divine providence
             ... invoked by a smoke demon
              (15 damage)
             ... on level 1 of the Abyss.
             The game lasted 00:05:33 (2933 turns).

Crimsoncloak the Shield-Bearer (Gnoll Fighter)      Turns: 2933, Time: 00:05:34

Health: -9/53      AC: 11    Str: 21    XL:     6   Next: 10%
Magic:  8/8        EV:  7    Int: 10    God:
Gold:   283        SH:  0    Dex: 14    Spells: 8/8 levels left

rFire    . . .     SeeInvis .   a - +0 long sword
rCold    . . .     Faith    .   c - +1 kite shield
rNeg     . . .     Spirit   .   p - +0 chain mail
rPois    .         Reflect  .   (no helmet)
rElec    .         Harm     .   (no cloak)
rCorr    .                      (no gloves)
MR       .....                  o - +0 pair of boots
Stlth    ..........             (no amulet)
HPRegen  0.17/turn              (no ring)
MPRegen  0.11/turn              (no ring)

@: confused
A: distributed training, fangs 1, strong nose
a: no special abilities


You were on level 1 of the Abyss.
You visited 1 branch of the dungeon, and saw 3 of its levels.
You visited the Abyss 1 time.

You collected 283 gold pieces.

Inventory:

Hand Weapons
 a - a +0 long sword (weapon)
Armour
 c - a +1 kite shield (worn)
 o - a +0 pair of boots (worn)
 p - a +0 chain mail (worn)
Scrolls
 b - a scroll of enchant armour
 e - a scroll of fog
 f - a scroll of remove curse
 g - a scroll of identify
Potions
 d - 2 potions of might
 l - 3 potions of curing
 m - 2 potions of flight {unknown}
 q - a potion of heal wounds {unknown}
 t - a potion of ambrosia {unknown}


   Skills:
 + Level 6.8 Fighting
 + Level 1.8 Short Blades
 + Level 4.9 Long Blades
 + Level 1.8 Axes
 + Level 1.8 Maces & Flails
 + Level 1.8 Polearms
 + Level 1.8 Staves
 + Level 1.8 Slings
 + Level 1.8 Bows
 + Level 1.8 Crossbows
 + Level 1.8 Throwing
 + Level 6.8 Armour
 + Level 1.8 Dodging
 + Level 1.8 Stealth
 + Level 6.8 Shields
 + Level 1.8 Unarmed Combat
 + Level 1.8 Spellcasting
 + Level 1.4 Conjurations
 + Level 1.4 Hexes
 + Level 1.4 Summonings
 + Level 1.4 Necromancy
 + Level 1.4 Translocations
 + Level 1.4 Transmutations
 + Level 1.4 Fire Magic
 + Level 1.4 Ice Magic
 + Level 1.4 Air Magic
 + Level 1.4 Earth Magic
 + Level 1.4 Poison Magic
 + Level 2.0 Invocations
 + Level 1.8 Evocations


You had 8 spell levels left.
You didn't know any spells.
Your spell library was empty.

Dungeon Overview and Level Annotations

Branches:
Dungeon (3/15)

Altars:

Annotations:
D:3 Crazy Yiuf


Innate Abilities, Weirdness & Mutations

Your experience applies equally to all skills.
You have very sharp teeth.
Your uncanny sense of smell can sniff out nearby items.


Message History

You're too confused to move!
The golden eye blinks at you.
You are more confused.
You miss the golden eye. The golden eye blinks at you.
You are more confused.
A starcursed mass comes into view.
The small abomination hits you!
* * * LOW HITPOINT WARNING * * *
The golden eye blinks at you.
You are more confused.
The golden eye blinks at you.
You miss the golden eye.
The golden eye blinks!
You bump into the rock wall.
The golden eye blinks at you.
You are more confused.
The golden eye turns its gaze towards you.
The smoke demon gestures at you. Something smites you!
You die...

. . .###..#
. # . ...# .
## . #.#
..##. ##. #
#... ... #
.#..#..# ..
#. X.
#G##.#.. G
##...#3w#.#
#..
....s.wXx# .
...
..#.###@###.
#. . #
#.G.#. .
###.# ∆ ## ∆


You could see a starcursed mass, a tentacled starspawn, an orb spider, a smoke
demon, a small abomination, 2 starspawn tentacles and 2 golden eyes.

Vanquished Creatures
  Jessica (D:2)
  Terence (D:2)
  An orc wizard (D:3)
  8 adders
  3 worms
  A dart slug (D:1)
  2 leopard geckos
  4 orcs (D:3)
  9 bats
  8 giant cockroaches
  12 goblins
  7 hobgoblins
  11 jackals
  A ball python (D:2)
  A frilled lizard (D:1)
  6 kobolds
  7 rats
  A toadstool (D:1)
84 creatures vanquished.

Vanquished Creatures (others)
  2 starspawn tentacles (Abyss:1)
  3 toadstools (D:1)
5 creatures vanquished.

Grand Total: 89 creatures vanquished

Notes
Turn   | Place    | Note
-------+----------+-------------------------------------------
     0 | D:1      | Crimsoncloak the Gnoll Fighter began the quest for the Orb.
     0 | D:1      | Reached XP level 1. HP: 23/23 MP: 1/1
    93 | D:1      | Reached XP level 2. HP: 29/29 MP: 2/2
   549 | D:2      | Reached XP level 3. HP: 35/35 MP: 3/3
   646 | D:2      | Reached skill level 1 in Invocations
   839 | D:2      | Reached skill level 1 in Short Blades
   839 | D:2      | Reached skill level 1 in Axes
   839 | D:2      | Reached skill level 1 in Maces & Flails
   839 | D:2      | Reached skill level 1 in Polearms
   839 | D:2      | Reached skill level 1 in Staves
   839 | D:2      | Reached skill level 1 in Slings
   839 | D:2      | Reached skill level 1 in Bows
   839 | D:2      | Reached skill level 1 in Crossbows
   839 | D:2      | Reached skill level 1 in Throwing
   839 | D:2      | Reached skill level 1 in Dodging
   839 | D:2      | Reached skill level 1 in Stealth
   839 | D:2      | Reached skill level 1 in Unarmed Combat
   839 | D:2      | Reached skill level 1 in Spellcasting
   839 | D:2      | Reached skill level 1 in Evocations
   853 | D:2      | Reached XP level 4. HP: 41/41 MP: 5/5
   939 | D:2      | Noticed Jessica
   959 | D:2      | Killed Jessica
   959 | D:2      | Reached skill level 1 in Conjurations
   959 | D:2      | Reached skill level 1 in Hexes
   959 | D:2      | Reached skill level 1 in Summonings
   959 | D:2      | Reached skill level 1 in Necromancy
   959 | D:2      | Reached skill level 1 in Translocations
   959 | D:2      | Reached skill level 1 in Transmutations
   959 | D:2      | Reached skill level 1 in Fire Magic
   959 | D:2      | Reached skill level 1 in Ice Magic
   959 | D:2      | Reached skill level 1 in Air Magic
   959 | D:2      | Reached skill level 1 in Earth Magic
   959 | D:2      | Reached skill level 1 in Poison Magic
  1009 | D:2      | Noticed Terence
  1058 | D:2      | Killed Terence
  1058 | D:2      | Reached XP level 5. HP: 29/47 MP: 5/7
  1893 | D:3      | Found a runed translucent door.
  1894 | D:3      | Noticed Crazy Yiuf
  2229 | D:3      | Reached XP level 6. HP: 46/53 MP: 8/8
  2799 | D:3      | Cast into level 1 of the Abyss (Crazy Yiuf)
  2824 | Abyss:1  | Noticed a golden eye
  2824 | Abyss:1  | Noticed a golden eye
  2824 | Abyss:1  | Noticed a golden eye
  2824 | Abyss:1  | Noticed a golden eye
  2827 | Abyss:1  | Noticed a golden eye
  2897 | Abyss:1  | Noticed an orb spider
  2917 | Abyss:1  | Noticed a tentacled starspawn
  2926 | Abyss:1  | Noticed a smoke demon
  2928 | Abyss:1  | Noticed a starcursed mass
  2933 | Abyss:1  | Killed from afar by a smoke demon

Illustrated notes

Levels and vault maps discovered:
D:1:      ldierk_water_garden, layout_basic, minmay_misc_feat_square
D:2:      layout_basic, uniq_jessica, uniq_terence
D:3:      layout_basic, uniq_crazy_yiuf_cottage
Abyss:1:  base:
D:1

Skill      XL: |  1  2  3  4  5  6 |
---------------+-------------------+-----
Invocations    | 1 2 |  2.0
Short Blades   | 1 |  1.8
Axes           | 1 |  1.8
Maces & Flails | 1 |  1.8
Polearms       | 1 |  1.8
Staves         | 1 |  1.8
Slings         | 1 |  1.8
Bows           | 1 |  1.8
Crossbows      | 1 |  1.8
Throwing       | 1 |  1.8
Dodging        | 1 |  1.8
Stealth        | 1 |  1.8
Unarmed Combat | 1 |  1.8
Spellcasting   | 1 |  1.8
Evocations     | 1 |  1.8
Conjurations   | 1 |  1.4
Hexes          | 1 |  1.4
Summonings     | 1 |  1.4
Necromancy     | 1 |  1.4
Translocations | 1 |  1.4
Transmutations | 1 |  1.4
Fire Magic     | 1 |  1.4
Ice Magic      | 1 |  1.4
Air Magic      | 1 |  1.4
Earth Magic    | 1 |  1.4
Poison Magic   | 1 |  1.4
Fighting       | |  6.8
Long Blades    | |  4.9
Armour         | |  6.8
Shields        | |  6.8

Action                   |  1- 3 |  4- 6 || total
-------------------------+-------+-------++-------
Melee: Long sword        |    93 |   214 ||   307
       Bite              |     4 |    24 ||    28
  Use: Scroll            |       |     9 ||     9
Armor: Scale mail        |    31 |     2 ||    33
       Chain mail        |       |    72 ||    72
Dodge: Dodged            |    28 |    54 ||    82
Block: Kite shield       |    43 |    98 ||   141
       Rpst.: Long sword |    14 |    19 ||    33

Table legend: (Time is in decaauts)
 A = Elapsed time spent in this place.
 B = Non-inter-level travel time spent in this place.
 C = Inter-level travel time spent in this place.
 D = Time resting spent in this place.
 E = Time spent auto-exploring this place.
 F = Levels seen in this place.
 G = Mean time per level.
                   A        B        C        D        E       F      G
               +--------+--------+--------+--------+--------+-----+--------+
         Total |   2999 |   2987 |     12 |    188 |   1940 |   4 |  749.8 |
       Dungeon |   2859 |   2847 |     12 |    188 |   1940 |   3 |  953.0 |
         Abyss |    139 |    139 |      0 |      0 |      0 |   1 |  139.0 |
               +--------+--------+--------+--------+--------+-----+--------+

Top non-repeatable levels by time:
     D:2: 1349 daAuts
     D:3: 978 daAuts
     D:1: 531 daAuts
 Abyss:1: 139 daAuts
